 Dungeon Crawl Stone Soup version 0.30-a0-159-g068b764562 (webtiles) character file.

Game seed: 7188290317992762238

1313 Flugkiller the Conjurer (level 8, -5/73 (78) HPs)
             Began as an Ogre Reaver on Sept 27, 2022.
             Slain by a killer bee (8 damage)
             ... on level 6 of the Dungeon.
             The game lasted 00:07:13 (6939 turns).

Flugkiller the Conjurer (Ogre Reaver)               Turns: 6939, Time: 00:07:14

HP:   -5/73 (78)    AC:  4    Str: 17    XL:     8   Next: 58%
MP:   16/17         EV: 10    Int: 16    God:
Gold: 327           SH:  0    Dex: 13    Spells: 13/19 levels left

rFire   . . .      SeeInvis .    c - +1 whip (venom)
rCold   . . .      Faith    .    (no shield)
rNeg    + . .      Spirit   .    b - +0 robe
rPois   .          Reflect  .    (helmet restricted)
rElec   .          Harm     .    f - +0 cloak
rCorr   .          Rampage  .    (gloves unavailable)
Will    .....                    (boots unavailable)
Stlth   +.........               (no amulet)
HPRegen 0.22/turn                j - ring of positive energy
MPRegen 0.15/turn                A - +6 ring of dexterity

@: drained
A: large, unfitting armour, tough skin 1
a: no special abilities


You were on level 6 of the Dungeon.
You visited 1 branch of the dungeon, and saw 6 of its levels.

You collected 327 gold pieces.

Inventory:

Hand Weapons
 a - a +0 mace
 c - a +1 whip of venom (weapon)
   (You took it off a kobold on level 1 of the Dungeon)
 v - a +3 hand axe
   (You took it off Dowan on level 5 of the Dungeon)
Missiles
 y - a curare-tipped dart
Armour
 b - a +0 robe (worn)
 f - a +0 cloak (worn)
   (You found it on level 1 of the Dungeon)
Jewellery
 j - a ring of positive energy (left hand)
   (You found it on level 2 of the Dungeon)
 A - a +6 ring of dexterity (right hand)
   (You found it on level 5 of the Dungeon)
Wands
 n - a wand of light (11)
   (You found it on level 2 of the Dungeon)
 o - a wand of mindburst (3)
   (You took it off Ijyb on level 2 of the Dungeon)
 u - a wand of flame (10)
   (You found it on level 5 of the Dungeon)
Scrolls
 g - a scroll of enchant weapon
 l - a scroll of vulnerability
 p - a scroll of poison
 s - a scroll of enchant armour
 t - a scroll of teleportation
 z - a scroll of summoning {unknown}
 B - a scroll of brand weapon {unknown}
Potions
 d - a potion of brilliance {unknown}
 e - a potion of lignification
 h - 3 potions of invisibility
 i - 2 potions of attraction
 k - 2 potions of flight
 m - 2 potions of might {unknown}
 q - 2 potions of curing
 w - a potion of cancellation {unknown}
 x - a potion of haste {unknown}


   Skills:
 - Level 4.0 Fighting
 + Level 3.5 Maces & Flails
 - Level 1.7 Dodging
 - Level 6.0 Spellcasting
 - Level 7.0 Conjurations
 - Level 1.0 Fire Magic
 + Level 1.9 Ice Magic
 - Level 1.0 Earth Magic
 * Level 1.8 Evocations


You had 13 spell levels left.
You knew the following spells:

 Your Spells              Type           Power      Damage    Failure   Level
a - Kiss of Death         Conj/Necr      64%        2d10      3%          1
b - Volcanic Tap          Conj/Fire/Erth 28%        3d9       6%          2
c - Hailstorm             Conj/Ice       19%        3d6       7%          3

Your spell library contained the following spells:

 Spells                   Type           Power      Damage    Failure   Level
 Sting                    Tmut/Pois      16%        1d3       14%         1
 Poisonous Vapours        Pois/Air       8%         N/A       21%         2
 Olgreb's Toxic Radiance  Pois           4%         N/A       80%         4


Dungeon Overview and Level Annotations

Branches:
Dungeon (6/15) Zot: 26666
 Temple: D:4-7

Altars:
Qazlal
Xom
Yredelemnul
Zin

Annotations:
D:6 Maggie


Innate Abilities, Weirdness & Mutations

You are too large for most types of armour.
You have tough skin. (AC +1)


Message History

You hit the white imp.
The white imp is severely wounded.
The white imp spits at you. The white imp gestures at you.
The puff of frost hits you.
An acid dragon comes into view.
The ufetubus closely misses you. The ufetubus hits you.
A killer bee comes into view.
You closely miss the white imp.
The white imp is severely wounded.
The ufetubus closely misses you. The ufetubus hits you.
The white imp hits you but does no damage.
The ufetubus hits you but does no damage.
The ufetubus closely misses you.
Aiming: Bolt of Light
Press: ? - help, Shift-Dir - straight line, f - acid dragon
Aim: an acid dragon (wandering, hasn't noticed you, 71% to hit)
The bolt of light misses the white imp.
The bolt of light hits the acid dragon!
The acid dragon is moderately wounded.
The acid dragon roars!
The acid dragon is blinded.
You hear the hiss of a distant avalanche of sand.
You hear an angry buzzing noise.
The white imp gestures at you. The puff of frost hits you!
* * * LOW HITPOINT WARNING * * *
The acid dragon spits acid at you.
The splash of acid hits the white imp!!
The white imp dies!
The ufetubus hits you.
* * * LOW HITPOINT WARNING * * *
The ufetubus hits you but does no damage.
Your Evocations skill increases to level 1!
Okay, then.
Okay, then.
Aiming: Bolt of Light
Press: ? - help, Shift-Dir - straight line, f/p - acid dragon
Aim: an acid dragon (moderately wounded, blind, catching its breath, 71% to hit)
The bolt of light misses the acid dragon.
The ufetubus misses you.
The ufetubus hits you but does no damage.
A killer bee comes into view. x2
The ufetubus barely misses you.
The ufetubus hits you but does no damage.
Aiming: Bolt of Light
Press: ? - help, Shift-Dir - straight line, f - killer bee, p - acid dragon
Aim: a killer bee (43% to hit)
The bolt of light hits the acid dragon!
The acid dragon is almost dead.
The bolt of light hits the killer bee!
The killer bee is heavily wounded.
The killer bee is blinded.
The killer bee buzzes angrily.
You hear an angry growl.
The acid dragon barely misses you.
The acid dragon claws you but does no damage.
The killer bee stings you.
* * * LOW HITPOINT WARNING * * *
The ufetubus hits you but does no damage.
The ufetubus barely misses you.
A killer bee comes into view.
Casting: Volcanic Tap (safe; 6% risk of failure)
Confirm with . or Enter, or press ? or * to list all spells.
Aiming: Kiss of Death (safe; 3% risk of failure)
Press: ? - help, Shift-Dir - straight line, f/p - killer bee
Aim: a killer bee (heavily wounded, blind, 100% to hit)
The negative energy hits the killer bee!
The killer bee is drained!
You kill the killer bee!
You feel drained.
The killer bee buzzes angrily.
You hear a bark!
The ufetubus closely misses you. The ufetubus barely misses you.
The acid dragon bites you.
* * * LOW HITPOINT WARNING * * *
The acid dragon closely misses you. The ufetubus completely misses you.
The ufetubus closely misses you.
Aiming: Bolt of Light
Press: ? - help, Shift-Dir - straight line, f - killer bee
Aim: a killer bee (43% to hit)
The bolt of light hits the acid dragon!
You kill the acid dragon!
The bolt of light misses the killer bee.
The ufetubus barely misses you. x2
Aiming: Bolt of Light
Press: ? - help, Shift-Dir - straight line, f/p - killer bee
Aim: a killer bee (43% to hit)
The bolt of light misses the killer bee. x2
The killer bee stings you!
* * * LOW HITPOINT WARNING * * *
The ufetubus hits you.
* * * LOW HITPOINT WARNING * * *
The ufetubus hits you but does no damage.
A hound comes into view.
The killer bee closely misses you. The killer bee barely misses you.
The ufetubus closely misses you. x2
As you read the scroll labelled ZIESTI VEUBI, it crumbles to dust.
The scroll dissolves into smoke.
It was a scroll of fog.
The killer bee stings you.
* * * LOW HITPOINT WARNING * * *
The killer bee closely misses you. The killer bee stings you!
You die...

#........# #########....
.. #..........# .#..
#..........# .P.!.
#..........###### ..§§.
#................
#P§§§###......§.§.......
#...P..........§§§......
.#......#####§@yy...#
#.....## ##5y...##
#....## ##...## #....#
...# # #....# ...'.
#.#....# ...#.. #.....)#
.h.##.. ##...))# ...# #.
#.###)#


You could see a hound, 3 killer bees and an ufetubus.

Vanquished Creatures
  An acid dragon (D:6)
  2 ogres (D:5)
  A centaur (D:6)
  A phantom (D:5)
  A kobold brigand (D:5)
  Dowan (D:5)
  A killer bee (D:6)
  An orc priest (D:5)
  A jelly (D:3)
  3 hounds
  Ijyb (D:2)
  2 iguanas (D:4)
  3 orc wizards
  4 adders
  2 shadow imps (D:6)
  A white imp (D:5)
  3 ufetubi
  4 worms
  3 dart slugs
  17 orcs
  6 ball pythons
  3 bats
  3 endoplasms (D:1)
  4 giant cockroaches
  9 goblins
  7 hobgoblins
  4 quokkas
  4 frilled lizards
  6 kobolds
  10 rats
109 creatures vanquished.

Vanquished Creatures (others)
  Duvessa (D:5)
  An ice beast (D:6)
  A sky beast (D:6)
  A black bear (D:5)
  An ogre (D:4)
  A hound (D:4)
  A white imp (D:6)
  A demonic plant (D:6)
8 creatures vanquished.

Grand Total: 117 creatures vanquished

Notes
Turn   | Place    | Note
-------+----------+-------------------------------------------
     0 | D:1      | Flugkiller the Ogre Reaver began the quest for the Orb.
     0 | D:1      | Reached XP level 1. HP: 22/22 MP: 3/3
   192 | D:1      | Reached XP level 2. HP: 26/29 MP: 5/5
   194 | D:1      | Reached skill level 3 in Conjurations
   895 | D:2      | Reached XP level 3. HP: 36/37 MP: 7/7
   958 | D:2      | Found a shimmering altar of Xom.
  1369 | D:2      | Noticed Ijyb
  1389 | D:2      | Killed Ijyb
  1390 | D:2      | Reached XP level 4. HP: 12/45 MP: 6/8
  2039 | D:2      | Learned a level 2 spell: Volcanic Tap
  2045 | D:3      | Found a faded altar of an unknown god.
  2354 | D:3      | Reached skill level 4 in Conjurations
  2354 | D:3      | Reached XP level 5. HP: 45/54 MP: 10/10
  3162 | D:4      | Learned a level 3 spell: Hailstorm
  3171 | D:4      | Noticed an ogre
  3205 | D:4      | Killed an ogre
  3206 | D:4      | Reached XP level 6. HP: 62/62 MP: 2/11
  3708 | D:4      | Reached skill level 1 in Fire Magic
  3708 | D:4      | Reached skill level 1 in Earth Magic
  4040 | D:4      | Found a glowing silver altar of Zin.
  4138 | D:4      | Reached skill level 5 in Conjurations
  4288 | D:5      | Entered Level 5 of the Dungeon
  4322 | D:5      | Found a basalt altar of Yredelemnul.
  4363 | D:5      | Noticed Duvessa
  4363 | D:5      | Noticed Dowan
  4712 | D:5      | Reached XP level 7. HP: 61/63 MP: 13/13
  5019 | D:5      | Killed Duvessa
  5026 | D:5      | Killed Dowan
  5027 | D:5      | Reached skill level 5 in Spellcasting
  5027 | D:5      | Reached skill level 6 in Conjurations
  5372 | D:5      | Found a stormy altar of Qazlal.
  6445 | D:5      | Reached XP level 8. HP: 49/78 MP: 16/16
  6630 | D:6      | Noticed Maggie
  6742 | D:6      | Reached skill level 7 in Conjurations
  6759 | D:6      | Reached skill level 1 in Ice Magic
  6934 | D:6      | Reached skill level 1 in Evocations
  6939 | D:6      | HP: 3/73 [killer bee (3)]
  6939 | D:6      | Slain by a killer bee

Illustrated notes

Levels and vault maps discovered:
D:1:      lemuel_arrival_cross, layout_basic
D:2:      kennysheep_the_goblin_king, layout_loops_corners, basic_altar,
          kennysheep_nondescript, minmay_liquid_box
D:3:      layout_loops_corners, serial_rivers, chequers_serial_rivers_micro_d,
          chequers_serial_rivers_micro_c, chequers_serial_rivers_marsh,
          chequers_serial_rivers_micro_b, chequers_serial_rivers_micro_b,
          ebering_ecumenical_altar_sacrificial
D:4:      layout_basic, zin_scriptorium, nicolae_concentric_dashed_squares_mild
D:5:      layout_basic, grunt_qazlal_clouds,
          mainiacjoe_overflow_small_starburst, uniq_ijyb, uniq_duvessa
D:6:      kennysheep_six_static_rooms, layout_rooms, minmay_temple_entry_tees,
          serial_demonic, serial_demonic_e, serial_demonic_a, serial_demonic_f,
          serial_demonic_e, serial_demonic_g, nicolae_ossuary_entry_ruins,
          uniq_maggie

Skill      XL: |  1  2  3  4  5  6  7  8 |
---------------+-------------------------+-----
Fighting       | 3 4 |  4.0
Conjurations   | 3 4 5 6 7 |  7.0
Spellcasting   | 3 4 5 6 |  6.0
Fire Magic     | 1 |  1.0
Earth Magic    | 1 |  1.0
Maces & Flails | 3 |  3.5
Ice Magic      | 1 |  1.9
Evocations     | 1 |  1.8
Dodging        | |  1.7

Action                   |  1- 3 |  4- 6 |  7- 9 || total
-------------------------+-------+-------+-------++-------
Melee: Mace              |    35 |       |       ||    35
       Whip              |    83 |   185 |   133 ||   401
       Punch             |     1 |     1 |     1 ||     3
 Cast: Kiss of Death     |     1 |     1 |     2 ||     4
       Volcanic Tap      |       |     5 |     5 ||    10
       Hailstorm         |       |     2 |     6 ||     8
Evoke: Wand              |       |     2 |    15 ||    17
  Use: Scroll            |       |    10 |     3 ||    13
       Potion            |       |     2 |       ||     2
Armor: Robe              |    49 |    47 |    41 ||   137
Dodge: Dodged            |    56 |    55 |    82 ||   193

Table legend: (Time is in decaauts)
 A = Elapsed time spent in this place.
 B = Non-inter-level travel time spent in this place.
 C = Inter-level travel time spent in this place.
 D = Time resting spent in this place.
 E = Time spent auto-exploring this place.
 F = Levels seen in this place.
 G = Mean time per level.
                   A        B        C        D        E       F      G
               +--------+--------+--------+--------+--------+-----+--------+
         Total |   6945 |   6702 |    243 |   2438 |   3191 |   6 | 1157.5 |
       Dungeon |   6945 |   6702 |    243 |   2438 |   3191 |   6 | 1157.5 |
               +--------+--------+--------+--------+--------+-----+--------+

Top non-repeatable levels by time:
     D:5: 2172 daAuts
     D:4: 1450 daAuts
     D:2: 1162 daAuts
     D:3: 1008 daAuts
     D:1: 888 daAuts
     D:6: 263 daAuts
